 Dungeon Crawl Stone Soup version 0.30-a0-739-gea05faddec (webtiles) character file.

Game seed: 4124074305023875102

603 scionoferis the Ducker (level 6, -1/51 HPs)
             Began as a Demigod Hexslinger on Feb 5, 2023.
             Slain by a wyvern (16 damage)
             ... on level 5 of the Dungeon.
             The game lasted 00:10:25 (2999 turns).

scionoferis the Ducker (Demigod Hexslinger)         Turns: 2999, Time: 00:10:25

Health: -1/51      AC:  3    Str: 11    XL:     6   Next: 97%
Magic:  10/10      EV: 15    Int: 15    God:
Gold:   201        SH:  0    Dex: 22    Spells: 7/7 levels left

rFire   + . .      SeeInvis .    a - +2 short sword (venom)
rCold   . . .      Faith    .    (no shield)
rNeg    . . .      Spirit   .    c - +0 robe
rPois   .          Reflect  .    v - +0 helmet
rElec   .          Harm     .    (no cloak)
rCorr   .          Rampage  .    (no gloves)
Will    .....                    (no boots)
Stlth   +++                      (no amulet)
HPRegen 0.28/turn                w - ring of wizardry
MPRegen 0.12/turn                y - ring of protection from fire

@: hasted, very quick
A: high MP 1, forlorn, divine attributes
a: no special abilities


You were on level 5 of the Dungeon.
You visited 1 branch of the dungeon, and saw 5 of its levels.

You collected 201 gold pieces.


Innate Abilities, Weirdness & Mutations

You have an increased reservoir of magic. (+10% MP)
You shall have no god before yourself.
Your divine heritage dramatically boosts your attributes as you level up.


   Skills:
 + Level 3.1 Fighting
 * Level 2.7 Long Blades
 - Level 1.7 Ranged Weapons
 * Level 4.8 Dodging
 + Level 3.1 Stealth
 - Level 1.0 Spellcasting
 - Level 2.6 Hexes


You had 7 spell levels left.
You didn't know any spells.
Your spell library contained the following spells:

 Spells                   Type           Power      Damage    Failure   Level
 Slow                     Hex            32%        N/A       3%          1
 Sandblast                Erth           0%         2d4       10%         1
 Shock                    Conj/Air       0%         1d3       10%         1
 Passwall                 Tmut/Erth      0%         N/A       16%         2
 Inner Flame              Hex/Fire       4%         N/A       16%         3
 Portal Projectile        Hex/Tloc       8%         N/A       16%         3
 Stone Arrow              Conj/Erth      0%         3d7       28%         3
 Swiftness                Air            0%         N/A       28%         3
 Cause Fear               Hex            4%         N/A       32%         4
 Airstrike                Air            0%         2d(0-16)  65%         4

Inventory:

Hand Weapons
 a - a +2 short sword of venom (weapon)
   (You took it off a kobold on level 3 of the Dungeon)
 b - a +1 sling
 d - a +0 dagger
   (You took it off a goblin on level 1 of the Dungeon)
Missiles
 j - 5 boomerangs (quivered)
Armour
 c - a +0 robe (worn)
 v - a +0 helmet (worn)
   (You took it off Robin on level 3 of the Dungeon)
Jewellery
 q - a ring of ice
   (You found it on level 2 of the Dungeon)
 w - a ring of wizardry (left hand)
   (You found it on level 3 of the Dungeon)
 y - a ring of protection from fire (right hand)
   (You found it on level 4 of the Dungeon)
Wands
 s - a wand of mindburst (8)
   (You found it on level 2 of the Dungeon)
 u - a wand of iceblast (7)
   (You took it off Ijyb on level 3 of the Dungeon)
Scrolls
 e - a scroll of identify {unknown}
 g - 5 scrolls of amnesia
 k - a scroll of torment {unknown}
 l - 2 scrolls of fear {unknown}
 r - a scroll of enchant armour {unknown}
 t - a scroll of poison
Potions
 f - a potion of degeneration {unknown}
 h - a potion of haste
 i - a potion of brilliance {unknown}
 m - a potion of resistance {unknown}
 n - 2 potions of might {unknown}
 o - a potion of invisibility {unknown}
 p - a potion of heal wounds {unknown}
 z - 2 potions of flight {unknown}

Dungeon Overview and Level Annotations

Branches:
Dungeon (5/15)             Temple (0/1) D:4

Shops:
D:2 ?=[([   D:3 (

Annotations:
D:4 Dowan, Duvessa, Sigmund

..............#
....#########.##
....########...######.#
##.....................
#.#########...######.#
#.# ##.#### #.# #....#
#.# ####l# #.# #@# #[#
#)# #.##### #...{.o..
#.....# #########).
#####.# #.. #.# #.# #.#
#.# #.# #.# #.# #.#


You could see a wyvern (very poisoned).


Message History

You shoot a sling bullet.
The sling bullet barely misses the gnoll.
The gnoll hits you from afar with a +0 spear.
You shoot a sling bullet.
The sling bullet barely misses the gnoll.
The gnoll hits you from afar with a +0 spear.
The gnoll completely misses you.
You shoot a sling bullet. The sling bullet hits the gnoll.
You kill the gnoll!
Your Dodging skill increases to level 3!
You shoot a sling bullet.
The sling bullet barely misses the gnoll.
The gnoll misses you.
You shoot a sling bullet. The sling bullet hits the gnoll.
The gnoll is heavily wounded.
The gnoll hits you with a +0 whip.
You shoot a sling bullet. The sling bullet hits the gnoll!
You kill the gnoll!
Casting: Slow (safe; 9% risk of failure)
Confirm with . or Enter, or press ? or * to list all spells.
Aiming: Slow (safe; 9% risk of failure)
Press: ? - help, Shift-Dir - straight line, f - gnoll
Aim: a gnoll, wielding a +0 club (lightly wounded, chance to affect: 50%)
The gnoll resists with some effort.
The gnoll hits you with a +0 club.
Casting: Slow (safe; 9% risk of failure)
Confirm with . or Enter, or press ? or * to list all spells.
Aiming: Slow (safe; 9% risk of failure)
Press: ? - help, Shift-Dir - straight line, f/p - gnoll
Aim: a gnoll, wielding a +0 club (lightly wounded, chance to affect: 50%)
The gnoll resists with some effort.
The gnoll hits you with a +0 club.
Aiming: Slow (safe; 9% risk of failure)
Press: ? - help, Q - select action, (/) - cycle Shift-Dir - straight line, f/p - gnoll
Aim: a gnoll, wielding a +0 club (lightly wounded, chance to affect: 50%)
The gnoll resists with some effort.
The gnoll closely misses you.
Aiming: Slow (safe; 9% risk of failure)
Press: ? - help, Q - select action, (/) - cycle Shift-Dir - straight line, f/p - gnoll
Aim: a gnoll, wielding a +0 club (lightly wounded, chance to affect: 50%)
The gnoll seems to slow down.
The gnoll closely misses you.
The gnoll is no longer moving slowly.
There is a stone staircase leading up here.
You climb upwards.
There is a stone staircase leading down here.
Magic restored.
There is a stone staircase leading down here.
You start resting.
HP restored.
You climb downwards.
There is a stone staircase leading up here.
Found a stone staircase leading up.
Found a ring mail.
Found a robe.
You see here a +0 whip.
You see here a +0 spear.
Done exploring.
Done exploring.
Search for what [Enter for "blade", or ? for help]? d: You have 104 gold pieces.
Unknown command.
There is a stone staircase leading down here.
You climb downwards.
There is a stone staircase leading up here.
An adder comes into view.
You shoot a sling bullet. The sling bullet hits the adder.
The adder hisses angrily.
The adder is moderately wounded.
You shoot a sling bullet. The sling bullet hits the adder.
The adder is heavily wounded.
You shoot a sling bullet.
The sling bullet closely misses the adder.
The adder misses you.
You shoot a sling bullet.
The sling bullet barely misses the adder.
The adder completely misses you. The adder bites you.
You shoot a sling bullet. The sling bullet hits the adder.
The adder is heavily wounded.
The adder bites you.
You are poisoned.
The adder poisons you! The adder bites you.
You shoot a sling bullet.
The sling bullet completely misses the adder.
You feel sick. The adder closely misses you.
You shoot a sling bullet.
The sling bullet barely misses the adder.
You feel sick. The adder barely misses you. The adder bites you.
You shoot a sling bullet. The sling bullet hits the adder.
The adder is almost dead.
You feel sick. The adder closely misses you. The adder misses you.
You shoot a sling bullet. The sling bullet misses the adder.
You feel sick. The adder bites you.
You shoot a sling bullet.
The sling bullet hits the adder but does no damage.
The adder is almost dead.
You feel sick.
You are no longer poisoned.
The adder closely misses you. x2
You shoot a sling bullet. The sling bullet misses the adder.
The adder bites you. The adder barely misses you.
You are too injured to fight recklessly!
You are too injured to fight recklessly!
You are too injured to fight recklessly!
Aiming: Slow (safe; 9% risk of failure)
Press: ? - help, Q - select action, (/) - cycle Shift-Dir - straight line, f/p - adder
Aim: an adder (almost dead, chance to affect: 50%)
The adder resists with some effort.
The adder barely misses you.
Unknown command.
Fire: a) +1 sling
Press: ? - help, Q - select action, (/) - cycle Shift-Dir - straight line, f/p - adder
Aim: an adder (almost dead, 40% to hit)
You shoot a sling bullet. The sling bullet misses the adder.
The adder closely misses you. The adder completely misses you.
Fire: a) +1 sling
Press: ? - help, Q - select action, (/) - cycle Shift-Dir - straight line, f/p - adder
Aim: an adder (almost dead, 40% to hit)
You shoot a sling bullet. The sling bullet hits the adder.
You kill the adder!
You have reached level 4!
You see here a +2 quarterstaff of holy wrath.
t - a +2 quarterstaff of holy wrath Adjust to which letter? (? for menu, Esc to quit)
a - a +2 quarterstaff of holy wrath;
t - a +1 sling (weapon)
Your +2 quarterstaff of holy wrath softly glows with a divine radiance!
a - a +2 quarterstaff of holy wrath (weapon)
Adjust to which letter? (? for menu, Esc to quit)
b - a +1 sling;
t - a scroll of poison Magic restored.
HP restored.
Ijyb the Twisted Goblin comes into view.
She is wielding a +0 club and carrying a wand of iceblast (7).
An endoplasm comes into view.
The endoplasm jiggles.
The endoplasm moves out of view.
An adder comes into view.
Found a ring mail.
You sock the endoplasm!
You kill the endoplasm!
Found a mace.
The adder hisses angrily.
You barely miss the adder. The adder closely misses you.
The adder barely misses you.
You miss the adder. The adder bites you.
You hit the adder.
The adder is lightly wounded.
The adder misses you. The adder closely misses you.
You closely miss the adder.
The adder is lightly wounded.
The adder closely misses you. The adder barely misses you.
You hit the adder.
The adder is heavily wounded.
The adder closely misses you.
You closely miss the adder.
The adder is heavily wounded.
The adder barely misses you. The adder closely misses you.
You closely miss the adder.
The adder is heavily wounded.
The adder barely misses you. The adder closely misses you.
You completely miss the adder.
The adder is heavily wounded.
The adder bites you.
You hit the adder.
The adder is severely wounded.
The adder closely misses you. The adder misses you.
You miss the adder.
The adder is severely wounded.
The adder misses you. The adder barely misses you.
You barely miss the adder.
The adder is severely wounded.
The adder closely misses you. x2
You closely miss the adder.
The adder is severely wounded.
The adder barely misses you.
You sock the adder!
You kill the adder!
Your Fighting skill increases to level 2!
Found a spear.
Found a stone staircase leading up.
The helpless Ijyb fails to defend herself.
You hit Ijyb.
Ijyb is moderately wounded.
Ijyb misses you. Ijyb closely misses you.
You hit Ijyb.
Ijyb is moderately wounded.
Ijyb closely misses you.
You barely miss Ijyb.
Ijyb is moderately wounded.
Ijyb screams, "Me very upset!"
Ijyb barely misses you.
You closely miss Ijyb.
Ijyb is moderately wounded.
Ijyb closely misses you. Ijyb hits you with a +0 club!
You hit Ijyb.
Ijyb is heavily wounded.
Ijyb hits you with a +0 club.
You hit Ijyb.
Ijyb is severely wounded.
Ijyb barely misses you.
You hit Ijyb.
Ijyb is almost dead.
Ijyb hits you with a +0 club.
You hit Ijyb.
Ijyb is almost dead.
Ijyb closely misses you. Ijyb hits you with a +0 club.
You hit Ijyb.
You kill Ijyb!
u - a wand of iceblast (7)
Things that are here:
a +0 club; a +0 leather armour; the goblin corpse of Ijyb Your +2 quarterstaff of holy wrath stops glowing.
b - a +1 sling (weapon)
There is a stone staircase leading up here.
Found Pofo's Antique Weapon Shop.
You now have 121 gold pieces (gained 17).
There is an entrance to Pofo's Antique Weapon Shop here.
You can access your shopping list by pressing '$'. 3 goblins come into view.
The goblin shouts! x3; You hear a shout!
Robin of the Strong Arm comes into view.
They are wielding a +2 mace of protection.
You hear a shout! x2; You hear an angry hiss.
There is a stone staircase leading up here.
Your +2 quarterstaff of holy wrath softly glows with a divine radiance!
a - a +2 quarterstaff of holy wrath (weapon)
You closely miss the goblin. The goblin hits you but does no damage.
You hit the goblin.
The goblin is moderately wounded.
The goblin completely misses you. The goblin hits you with a +0 dagger.
The goblin barely misses you.
You sock the goblin!
You kill the goblin!
The goblin closely misses you.
You barely miss the goblin. The goblin misses you.
The goblin completely misses you.
You hit the goblin.
The goblin is moderately wounded.
The goblin closely misses you. The goblin barely misses you.
The goblin hits you with a +0 dagger. The goblin closely misses you.
You hit the goblin.
The goblin is severely wounded.
The goblin hits you with a +0 dagger. x2
You hit the goblin.
You kill the goblin!
The goblin closely misses you.
You completely miss the goblin. The goblin hits you with a +0 dagger.
You hit the goblin but do no damage. The goblin misses you.
The goblin hits you with a +0 dagger.
You hit the goblin.
The goblin is heavily wounded.
The goblin hits you with a +0 dagger.
You hit the goblin.
You kill the goblin!
You see here a +0 dagger.
Things that are here:
a +0 dagger; a +0 dagger; a goblin corpse
There is a stone staircase leading up here.
You start resting.
HP restored.
You see here a +0 dagger.
Found a stone staircase leading down.
A goblin comes into view. It is wielding a +0 club.
Your +2 quarterstaff of holy wrath stops glowing.
b - a +1 sling (weapon)
You shoot a sling bullet. The goblin shouts!
The sling bullet hits the goblin!
You kill the goblin!
Your Stealth skill increases to level 2!
Found 4 gold pieces.
Found a stone staircase leading up.
Robin is nearby!
You shoot a sling bullet. The sling bullet barely misses Robin.
You shoot a sling bullet. The sling bullet hits Robin.
Robin is moderately wounded.
A goblin comes into view. It is wielding a +0 club.
Robin roars a battlecry!
You hear a shout! x2
Things that are here:
a +0 dagger; a +0 dagger; a goblin corpse
There is a stone staircase leading up here.
You shoot a sling bullet.
The sling bullet hits Robin but does no damage.
Robin is moderately wounded.
You shoot a sling bullet.
The sling bullet hits Robin but does no damage.
Robin is moderately wounded.
Your +2 quarterstaff of holy wrath softly glows with a divine radiance!
a - a +2 quarterstaff of holy wrath (weapon)
You sock Robin!
Robin is almost dead.
Robin hits you with a +2 mace of protection.
You barely miss Robin.
Robin is almost dead.
Robin barely misses you.
You closely miss Robin.
Robin is almost dead.
A goblin comes into view. It is wielding a +0 dagger.
A hobgoblin comes into view.
Robin roars a battlecry!
The hobgoblin goes into a battle-frenzy!
Robin barely misses you.
A hobgoblin comes into view.
You hear a shout!
The hobgoblin shouts!
You hear a shout! x2
You sock Robin!
You kill Robin!
The goblin no longer looks unusually strong.
A goblin comes into view. It is wielding a +0 club.
Your +2 quarterstaff of holy wrath stops glowing.
b - a +1 sling (weapon)
You shoot a sling bullet. The sling bullet hits the hobgoblin!
You kill the hobgoblin!
You shoot a sling bullet.
The sling bullet barely misses the hobgoblin.
The sling bullet closely misses the goblin.
Your +2 quarterstaff of holy wrath softly glows with a divine radiance!
a - a +2 quarterstaff of holy wrath (weapon)
You sock the hobgoblin!
You kill the hobgoblin!
A hobgoblin comes into view.
You barely miss the goblin. The goblin hits you with a +0 club.
You hit the goblin.
You kill the goblin!
The goblin hits you but does no damage. The goblin barely misses you.
The goblin hits you with a +0 club.
You barely miss the goblin. The goblin hits you with a +0 dagger.
The goblin hits you with a +0 club.
An adder comes into view.
You barely miss the goblin. The goblin barely misses you.
The goblin closely misses you.
You barely miss the goblin. The goblin closely misses you. x2
The goblin hits you with a +0 dagger. The goblin closely misses you.
You closely miss the goblin. The goblin closely misses you.
The goblin hits you with a +0 club.
The adder hisses angrily.
You hit the goblin.
You kill the goblin!
The goblin barely misses you.
You barely miss the hobgoblin. The goblin hits you with a +0 dagger.
The hobgoblin hits you.
You hit the hobgoblin.
The hobgoblin is heavily wounded.
The goblin hits you with a +0 dagger. The hobgoblin misses you.
The hobgoblin closely misses you. The goblin hits you but does no damage.
You hit the hobgoblin.
You kill the hobgoblin!
The adder misses you. The goblin hits you but does no damage.
The adder closely misses you.
Items here: )) ††††.
You hit the adder.
The adder is lightly wounded.
The adder closely misses you.
You hit the adder.
The adder is heavily wounded.
The adder misses you. The adder bites you.
You sock the adder!
You kill the adder!
You closely miss the goblin. The goblin misses you.
You hit the goblin.
The goblin is heavily wounded.
The goblin misses you. The goblin hits you but does no damage.
You hit the goblin.
You kill the goblin!
Things that are here:
a +0 dagger; a goblin corpse
Items here: )) ††††.
There is a stone staircase leading up here.
You see here a hobgoblin corpse.
Items here: ))) [[ ††.
v - a +0 helmet You start putting on your armour.
You continue putting on your +0 helmet. x4
You finish putting on your +0 helmet.
There is a stone staircase leading up here.
You see here a hobgoblin corpse.
You climb upwards.
There is a stone staircase leading down here.
You start resting.
A gnoll is nearby!
Your +2 quarterstaff of holy wrath stops glowing.
b - a +1 sling (weapon)
You shoot a sling bullet. The gnoll shouts!
The sling bullet hits the gnoll.
The gnoll is moderately wounded.
You shoot a sling bullet. The sling bullet hits the gnoll.
The gnoll is severely wounded.
Your +2 quarterstaff of holy wrath softly glows with a divine radiance!
a - a +2 quarterstaff of holy wrath (weapon)
You sock the gnoll!
You kill the gnoll!
Things that are here:
a +0 club; a gnoll corpse
There is a stone staircase leading down here.
You start resting.
HP restored.
Unknown command.
Your +2 quarterstaff of holy wrath stops glowing.
b - a +1 sling (weapon)
You climb downwards.
There is a stone staircase leading up here.
You see here a hobgoblin corpse.
You see here a +0 dagger.
A hobgoblin and a frilled lizard come into view.
You shoot a sling bullet.
The sling bullet barely misses the frilled lizard.
The frilled lizard hisses angrily.
Items here: ))) [ ††.
There is a stone staircase leading up here.
You see here a hobgoblin corpse.
Items here: )) ††††.
You shoot a sling bullet. The sling bullet hits the hobgoblin.
The hobgoblin is heavily wounded.
You shoot a sling bullet. The sling bullet hits the hobgoblin.
The hobgoblin is almost dead.
You shoot a sling bullet. The sling bullet hits the hobgoblin.
You kill the hobgoblin!
You have reached level 5!
Your +2 quarterstaff of holy wrath softly glows with a divine radiance!
a - a +2 quarterstaff of holy wrath (weapon)
You miss the frilled lizard. The frilled lizard closely misses you.
The frilled lizard barely misses you.
You hit the frilled lizard.
The frilled lizard is moderately wounded.
The frilled lizard bites you.
You sock the frilled lizard!
You kill the frilled lizard!
Your +2 quarterstaff of holy wrath stops glowing.
b - a +1 sling (weapon)
You see here a frilled lizard corpse.
You now have 141 gold pieces (gained 20).
There is a stone staircase leading up, spattered with blood here.
You see here a hobgoblin corpse.
You see here a +0 dagger.
You now have 144 gold pieces (gained 3).
Things that are here:
a +0 club; a goblin corpse You now have 148 gold pieces (gained 4).
You now have 159 gold pieces (gained 11).
A hobgoblin comes into view.
You shoot a sling bullet.
The sling bullet hits the hobgoblin but does no damage.
The hobgoblin shouts!
A kobold comes into view.
It is wielding a +2 short sword of venom and quivering poisoned darts.
You shoot a sling bullet. The sling bullet hits the hobgoblin!
You kill the hobgoblin!
You shoot a sling bullet. The sling bullet hits the kobold!
You kill the kobold!
Found a spear.
Found a stone staircase leading down.
A hobgoblin comes into view.
Things that are here:
a +2 short sword of venom; 3 poisoned darts; a kobold corpse
w - a +2 short sword of venom;
x - 3 poisoned darts You drop a +2 quarterstaff of holy wrath.
Adjust to which letter? (? for menu, Esc to quit)
a - a +2 short sword of venom Your +2 short sword of venom begins to drip with poison!
a - a +2 short sword of venom (weapon)
Your +2 short sword of venom stops dripping with poison.
b - a +1 sling (weapon)
A hobgoblin is nearby!
You shoot a sling bullet. The sling bullet hits the hobgoblin.
The hobgoblin shouts!
The hobgoblin is almost dead.
You shoot a sling bullet.
The sling bullet hits the hobgoblin but does no damage.
The hobgoblin is almost dead.
You shoot a sling bullet.
The sling bullet barely misses the hobgoblin.
You shoot a sling bullet.
The sling bullet hits the hobgoblin but does no damage.
The hobgoblin is almost dead.
You shoot a sling bullet.
The sling bullet closely misses the hobgoblin.
You shoot a sling bullet.
The sling bullet completely misses the hobgoblin.
The hobgoblin hits you.
Your +2 short sword of venom begins to drip with poison!
a - a +2 short sword of venom (weapon)
The hobgoblin closely misses you.
You hit the hobgoblin.
The hobgoblin is poisoned.
The hobgoblin is almost dead.
The hobgoblin hits you but does no damage.
You closely miss the hobgoblin.
The hobgoblin is almost dead.
You kill the hobgoblin!
Your +2 short sword of venom stops dripping with poison.
b - a +1 sling (weapon)
HP restored.
w - a ring of wizardry
There is a stone staircase leading down here.
Found a leather armour.
w - a ring of wizardry (left hand)
You see here a +0 mace.
An adder comes into view.
You shoot a sling bullet.
The sling bullet hits the adder but does no damage.
You shoot a sling bullet.
The sling bullet closely misses the adder.
Your +2 short sword of venom begins to drip with poison!
a - a +2 short sword of venom (weapon)
You hit the adder.
The adder is poisoned.
The adder is lightly wounded.
The adder barely misses you. x2
You hit the adder.
The adder looks even sicker.
The adder is heavily wounded.
The adder misses you.
You barely miss the adder.
The adder is severely wounded.
The adder bites you.
You hit the adder.
You kill the adder!
Your +2 short sword of venom stops dripping with poison.
b - a +1 sling (weapon)
You see here an adder corpse.
You see here a +0 leather armour.
You pick up a book of Geomancy and begin reading...
You add the spells Sandblast, Passwall and Stone Arrow to your library.
An adder comes into view.
You shoot a sling bullet. The sling bullet hits the adder!
The adder hisses angrily.
The adder is almost dead.
You shoot a sling bullet.
The sling bullet closely misses the adder.
You shoot a sling bullet.
The sling bullet barely misses the adder.
Your +2 short sword of venom begins to drip with poison!
a - a +2 short sword of venom (weapon)
You closely miss the adder.
The adder is almost dead.
The adder closely misses you.
You hit the adder.
You kill the adder!
Your +2 short sword of venom stops dripping with poison.
b - a +1 sling (weapon)
A rat comes into view.
Found a stone staircase leading down.
A rat is nearby!
You shoot a sling bullet. The sling bullet hits the rat.
You kill the rat!
A rat comes into view.
You shoot a sling bullet. The sling bullet hits the rat.
You kill the rat!
No target in view!
No target in view!
A bat comes into view.
You shoot a sling bullet. The sling bullet hits the bat.
You kill the bat!
No target in view!
No target in view!
A goblin comes into view. It is wielding a +0 club.
You shoot a sling bullet. The goblin shouts!
The sling bullet hits the goblin!
You kill the goblin!
No target in view!
No target in view!
Found a plate armour.
z - a bubbling clear potion
Things that are here:
a +0 club; a goblin corpse
x - 5 poisoned darts (gained 2)
There is a stone staircase leading up here.
There is a stone staircase leading down here.
Items here: ))) [ ÷.
Done exploring.
Search for what [Enter for "d:", or ? for help]? d: Unknown command.
Unknown command.
There is a stone staircase leading down here.
Unknown command.
You climb downwards.
There is a stone staircase leading up here.
As you read the scroll labelled TATUNA VAIP, it crumbles to dust.
It is a scroll of amnesia.
Forget Slow, freeing 1 spell level for a total of 6?
Your memory of Slow unravels.
Okay, then.
Okay, then.
Your +2 short sword of venom begins to drip with poison!
a - a +2 short sword of venom (weapon)
Your +2 short sword of venom stops dripping with poison.
b - a +1 sling (weapon)
A ball python and an ogre come into view.
The ball python hisses angrily.
There is a stone staircase leading up here.
A quokka comes into view.
You shoot a sling bullet. The sling bullet hits the ball python!
You kill the ball python!
You hear a shout!
A hound comes into view.
Your +2 short sword of venom begins to drip with poison!
a - a +2 short sword of venom (weapon)
There is a stone staircase leading up here.
The quokka misses you.
You hit the quokka.
You kill the quokka!
The hound closely misses you. The hound bites you but does no damage.
You see here a quokka corpse.
There is a stone staircase leading up here.
The hound bites you but does no damage. The hound closely misses you.
You climb upwards.
There is a stone staircase leading down here.
You hit the hound.
The hound is poisoned.
The hound is moderately wounded.
The hound bites you.
You hit the hound but do no damage.
The hound looks even sicker.
The hound is moderately wounded.
The hound barely misses you. x2
You hit the hound.
The hound looks as sick as possible!
The hound is heavily wounded.
The hound bites you but does no damage.
You hit the hound but do no damage.
The hound looks as sick as possible!
The hound is heavily wounded.
The hound barely misses you. The hound closely misses you.
You hit the hound.
The hound looks as sick as possible!
The hound is almost dead.
You kill the hound!
Your Dodging skill increases to level 4!
You see here a hound corpse.
There is a stone staircase leading down here.
HP restored.
There is a stone staircase leading down here.
You climb downwards.
Found a stone staircase leading up and a stone staircase leading down.
There is a stone staircase leading up here.
Your +2 short sword of venom stops dripping with poison.
b - a +1 sling (weapon)
An iguana comes into view.
You shoot a sling bullet. The sling bullet hits the iguana!
The iguana hisses angrily.
The iguana is heavily wounded.
You shoot a sling bullet.
The sling bullet closely misses the iguana.
You shoot a sling bullet. The sling bullet hits the iguana.
The iguana is almost dead.
You shoot a sling bullet. The sling bullet hits the iguana.
You kill the iguana!
Your Long Blades skill increases to level 1!
Found a staircase to the Ecumenical Temple.
Found a robe.
You see here a +0 robe.
y - a ring of protection from fire
y - a ring of protection from fire (right hand)
Found a robe.
An ogre comes into view. It is wielding a +0 giant spiked club.
Unknown command.
Your +2 short sword of venom begins to drip with poison!
a - a +2 short sword of venom (weapon)
The ogre shouts!
Throw: 5 darts (poison)
Press: ? - help, Q - select action, (/) - cycle Shift-Dir - straight line, f - ogre
Aim: an ogre, wielding a +0 giant spiked club (76% to hit)
You throw a poisoned dart. The poisoned dart hits the ogre.
Throw: 4 darts (poison)
Press: ? - help, Q - select action, (/) - cycle Shift-Dir - straight line, f/p - ogre
Aim: an ogre, wielding a +0 giant spiked club (76% to hit)
You throw a poisoned dart. The poisoned dart hits the ogre.
Throw: 3 darts (poison)
Press: ? - help, Q - select action, (/) - cycle Shift-Dir - straight line, f/p - ogre
Aim: an ogre, wielding a +0 giant spiked club (76% to hit)
You throw a poisoned dart. The poisoned dart hits the ogre.
The ogre is poisoned.
Sigmund the Dreaded comes into view.
He is wielding a +0 scythe.
Throw: 2 darts (poison)
Press: ? - help, Q - select action, (/) - cycle Shift-Dir - straight line, f/p - ogre
Aim: an ogre, wielding a +0 giant spiked club (lightly wounded, poisoned, 76% to hit)
Okay, then.
Throw: 2 darts (poison)
Press: ? - help, Q - select action, (/) - cycle Shift-Dir - straight line, f/p - ogre
Aim: an ogre, wielding a +0 giant spiked club (moderately wounded, poisoned, 76% to hit)
You throw a poisoned dart. The poisoned dart hits the ogre.
The ogre is moderately wounded.
Throw: dart (poison)
Press: ? - help, Q - select action, (/) - cycle Shift-Dir - straight line, f/p - ogre
Aim: an ogre, wielding a +0 giant spiked club (moderately wounded, poisoned, 76% to hit)
You throw a poisoned dart. The poisoned dart hits the ogre.
The ogre is moderately wounded.
You barely miss the ogre.
The ogre is moderately wounded.
The ogre looks more healthy.
The ogre misses you.
You hit the ogre.
The ogre is poisoned.
The ogre is heavily wounded.
You barely miss the ogre.
The ogre is heavily wounded.
The ogre hits you with a +0 giant spiked club!!
Ouch! That really hurt!
* * * LOW HITPOINT WARNING * * *
You hit the ogre.
The ogre looks as sick as possible!
The ogre is heavily wounded.
The ogre hits you with a +0 giant spiked club.
* * * LOW HITPOINT WARNING * * *
You kill the ogre!
You have reached level 6!
Your experience leads to a dramatic increase in your attributes!
Increase (S)trength, (I)ntelligence, or (D)exterity?
You feel agile. x4
There is a stone staircase leading up here.
You climb upwards.
There is a stone staircase leading down here.
You start resting.
HP restored.
Your +2 short sword of venom stops dripping with poison.
b - a +1 sling (weapon)
You climb downwards.
Level annotation: Sigmund
There is a stone staircase leading up here.
z - 2 bubbling clear potions (gained 1)
You open the door.
There is an open door here.
A goblin comes into view. It is wielding a +0 dagger.
You shoot a sling bullet. The sling bullet hits the goblin.
You kill the goblin!
Unknown command.
An orc comes into view. It is wielding a +0 falchion.
You shoot a sling bullet. The orc shouts!
The sling bullet hits the orc!
You kill the orc!
You hear a shout! x2
An orc comes into view. It is wielding a +0 falchion.
The orc moves out of view.
An orc is nearby!
You shoot a sling bullet. The sling bullet hits the orc.
The orc is moderately wounded.
You shoot a sling bullet. The sling bullet barely misses the orc.
An orc comes into view. It is wielding a +0 mace.
Your +2 short sword of venom begins to drip with poison!
a - a +2 short sword of venom (weapon)
The orc hits you with a +0 falchion.
You hit the orc.
The orc is poisoned.
The orc is almost dead.
The orc misses you.
You hit the orc.
You kill the orc!
The orc misses you.
You closely miss the orc. The orc closely misses you.
You hit the orc.
The orc is severely wounded.
You closely miss the orc.
The orc is severely wounded.
The orc misses you.
You hit the orc.
You kill the orc!
Your +2 short sword of venom stops dripping with poison.
b - a +1 sling (weapon)
Things that are here:
a +0 falchion; a +0 leather armour You now have 172 gold pieces (gained 13).
Your +2 short sword of venom begins to drip with poison!
a - a +2 short sword of venom (weapon)
Throw: 5 boomerangs
Press: ? - help, Q - select action, (/) - cycle Shift-Dir - straight line, f - ogre
Aim: an ogre, wielding a +0 giant spiked club (wandering, hasn't noticed you, 77% to hit)
Okay, then.
Aiming: Mindburst
Press: ? - help, Shift-Dir - straight line, f - ogre
Aim: an ogre, wielding a +0 giant spiked club (wandering, hasn't noticed you, chance to affect: 64%)
The ogre shouts!
The ogre struggles to resist.
Aiming: Mindburst
Press: ? - help, Shift-Dir - straight line, f/p - ogre
Aim: an ogre, wielding a +0 giant spiked club (chance to affect: 64%)
The ogre struggles to resist.
Aiming: Mindburst
Press: ? - help, Shift-Dir - straight line, f/p - ogre
Aim: an ogre, wielding a +0 giant spiked club (chance to affect: 64%)
The ogre's mind is blasted!
Aiming: Mindburst
Press: ? - help, Shift-Dir - straight line, f/p - ogre
Aim: an ogre, wielding a +0 giant spiked club (heavily wounded, chance to affect: 64%)
The ogre struggles to resist.
Aiming: Mindburst
Press: ? - help, Shift-Dir - straight line, f/p - ogre
Aim: an ogre, wielding a +0 giant spiked club (heavily wounded, chance to affect: 64%)
The ogre's mind is blasted!!
You blow up the ogre!
Your Long Blades skill increases to level 2!
Your +2 short sword of venom stops dripping with poison.
b - a +1 sling (weapon)
You see here a +0 giant spiked club.
You now have 181 gold pieces (gained 9).
A scorpion comes into view.
The scorpion moves out of view.
Fire: b) +1 sling
Press: ? - help, Q - select action, (/) - cycle Shift-Dir - straight line, f - scorpion
Aim: a scorpion (63% to hit)
You shoot a sling bullet.
The sling bullet hits the scorpion but does no damage.
Your +2 short sword of venom begins to drip with poison!
a - a +2 short sword of venom (weapon)
The scorpion stings you.
You hit the scorpion but do no damage.
The scorpion is poisoned.
The scorpion stings you.
You hit the scorpion but do no damage.
The scorpion looks as sick as possible!
The scorpion is moderately wounded.
The scorpion stings you.
You puncture the scorpion!
The scorpion looks as sick as possible!
The scorpion is severely wounded.
You kill the scorpion!
Your Fighting skill increases to level 3!
You start resting.
HP restored.
Found 6 gold pieces.
You now have 187 gold pieces (gained 6).
Duvessa and Dowan come into view.
There is an open door here.
Found 10 gold pieces.
Found a stone staircase leading down.
An orc wizard comes into view.
It is wielding a +0 dagger. 2 orcs come into view.
The orc shouts!
You hear a shout!
An orc comes into view. It is wielding a +0 dagger.
An orc wizard comes into view. It is wielding a +0 dagger.
The orc hits you with a +0 dagger.
The orc wizard shouts! x2
You hit the orc.
The orc is poisoned.
The orc is moderately wounded.
The orc wizard casts a spell.
The orc wizard flickers and vanishes!
Deactivating autopickup; reactivate with Ctrl-A.
The orc hits you with a +0 dagger.
You closely miss the orc.
The orc is moderately wounded.
The orc closely misses you.
You barely miss the orc.
The orc is severely wounded.
The orc wizard mumbles some strange words.
The orc wizard flickers and vanishes!
The orc closely misses you.
You hit the orc.
The orc looks as sick as possible!
The orc is almost dead.
You hit the orc.
The orc is poisoned.
The orc is moderately wounded.
You kill the orc!
You closely miss the orc.
The orc is severely wounded.
You kill the orc!
You hit something. Something hits you.
You miss something.
You hear some strange, mumbled words.
You are confused.
You completely miss something. Something hits you.
You hit something.
You hear some strange, mumbled words.
You are more confused.
You completely miss something.
You hear some strange, mumbled words.
A puff of flame appears from out of thin air!
The puff of flame hits you. You resist.
You bump into the rock wall.
You hear some strange, mumbled words.
You are more confused.
You bump into the rock wall.
Reactivating autopickup.
You feel a bit more experienced.
You're too confused to move!
Something hits you but does no damage.
Deactivating autopickup; reactivate with Ctrl-A.
You bump into the rock wall.
Something hits you but does no damage.
You miss something. Your punch misses something. Something hits you.
You bump into the rock wall.
Something hits you.
You hit something. Something hits you.
You bump into the rock wall.
Something hits you.
You closely miss something. Something hits you.
You're too confused to move!
Something hits you.
You miss something. Something hits you but does no damage.
You hit something. You barely miss something. Something barely misses you.
You bump into the rock wall.
Something hits you.
You bump into the rock wall.
You feel less confused. Something hits you.
You barely miss something.
Reactivating autopickup.
You feel a bit more experienced.
Your Stealth skill increases to level 3!
You hit the orc.
The orc is poisoned.
The orc is heavily wounded.
The orc hits you with a +0 dagger.
You hit the orc.
You kill the orc!
Items here: )) [ ††.
Items here: )) [[ ††.
Things that are here:
a +0 dagger; a +0 scale mail; an orc corpse
Found a falchion.
There is a stone staircase leading down here.
You climb downwards.
Found a stone staircase leading up.
There is a stone staircase leading up here.
Your +2 short sword of venom stops dripping with poison.
b - a +1 sling (weapon)
HP restored.
There is a stone staircase leading up here.
An iguana comes into view.
The iguana hisses angrily.
You shoot a sling bullet.
The sling bullet closely misses the iguana.
You shoot a sling bullet.
The sling bullet closely misses the iguana.
You shoot a sling bullet. The sling bullet hits the iguana.
The iguana is moderately wounded.
You shoot a sling bullet.
The sling bullet hits the iguana but does no damage.
The iguana is moderately wounded.
Your +2 short sword of venom begins to drip with poison!
a - a +2 short sword of venom (weapon)
The iguana misses you.
You completely miss the iguana.
The iguana is moderately wounded.
The iguana bites you!
You hit the iguana but do no damage.
The iguana is poisoned.
The iguana is moderately wounded.
The iguana bites you!
You hit the iguana.
The iguana looks even sicker.
The iguana is heavily wounded.
The iguana bites you.
You hit the iguana.
The iguana looks as sick as possible!
The iguana is severely wounded.
You hit the iguana but do no damage.
The iguana looks as sick as possible!
The iguana is severely wounded.
The iguana bites you.
You hit the iguana but do no damage.
The iguana looks as sick as possible!
The iguana is almost dead.
The iguana completely misses you.
You hit the iguana.
You kill the iguana!
No target in view!
Your +2 short sword of venom stops dripping with poison.
b - a +1 sling (weapon)
Found a plate armour.
You see here a +0 plate armour.
You now have 192 gold pieces (gained 5).
l - 2 scrolls labelled IBO LEEHAMOAJ (gained 1)
A shadow imp comes into view.
You shoot a sling bullet. The sling bullet hits the shadow imp.
The shadow imp shouts, "Slither away, thou pox-marked motley-minded nothing!"
The shadow imp is moderately wounded.
You shoot a sling bullet. The sling bullet hits the shadow imp.
The shadow imp is severely wounded.
You shoot a sling bullet. The sling bullet hits the shadow imp!
You kill the shadow imp!
No target in view!
You now have 201 gold pieces (gained 9).
Found 5 stones.
You see here 5 stones.
An orc wizard and 2 orcs come into view.
You shoot a sling bullet. The sling bullet hits the orc.
You kill the orc!
The orc shouts!
You hear a shout! x2
You shoot a sling bullet. The sling bullet misses the orc wizard.
The orc wizard shouts!
You shoot a sling bullet.
The sling bullet barely misses the orc wizard.
An orc wizard comes into view. It is wielding a +0 dagger.
An orc comes into view. It is wielding a +0 short sword.
The orc wizard casts a spell.
The orc wizard flickers and vanishes!
Deactivating autopickup; reactivate with Ctrl-A.
You shoot a sling bullet. The sling bullet barely misses the orc.
The orc wizard casts a spell.
The orc wizard flickers and vanishes!
You hear a bark!
You shoot a sling bullet.
The sling bullet hits the orc but does no damage.
A hound comes into view.
You shoot a sling bullet. The sling bullet hits the orc.
The orc is moderately wounded.
Your +2 short sword of venom begins to drip with poison!
a - a +2 short sword of venom (weapon)
You hit the orc but do no damage.
The orc is poisoned.
The orc is lightly wounded.
The orc hits you with a +0 hand axe.
You hit the orc but do no damage.
The orc looks as sick as possible!
The orc is moderately wounded.
You kill the orc!
You hit something. Something barely misses you.
You miss something. Something hits you.
You closely miss something. Something hits you but does no damage.
You hit something. Something hits you but does no damage.
You closely miss something. You miss something. Something hits you.
You miss something. Something hits you but does no damage.
You hit something.
Reactivating autopickup.
You feel a bit more experienced.
You barely miss the orc. The orc closely misses you.
You puncture the orc!
You kill the orc!
A wyvern comes into view.
You swing at nothing.
The wyvern hisses angrily.
The wyvern bites you!
You swing at nothing.
The wyvern bites you!!
* * * LOW HITPOINT WARNING * * *
It was a potion of haste.
You feel yourself speed up. The wyvern barely misses you. x2
You hit the wyvern.
The wyvern is lightly wounded.
The wyvern bites you but does no damage.
You hit the wyvern.
The wyvern is poisoned.
The wyvern is lightly wounded.
The wyvern bites you!
You die...

Skill      XL: |  1  2  3  4  5  6 |
---------------+-------------------+-----
Fighting       | 1 2 3 |  3.1
Dodging        | 2 3 4 |  4.8
Stealth        | 1 2 3 |  3.1
Long Blades    | 1 2 |  2.7
Ranged Weapons | |  1.7
Spellcasting   | |  1.0
Hexes          | |  2.6

Action                     |  1- 3 |  4- 6 || total
---------------------------+-------+-------++-------
  Melee: Quarterstaff      |       |    59 ||    59
         Short sword       |       |    68 ||    68
   Fire: Sling             |   108 |    54 ||   162
  Throw: Dart              |       |     5 ||     5
   Cast: Slow              |     5 |       ||     5
  Evoke: Wand              |       |     5 ||     5
    Use: Scroll            |       |     1 ||     1
         Potion            |       |     1 ||     1
   Stab: Sleeping          |       |     1 ||     1
 Armour: Robe              |     5 |    16 ||    21
  Dodge: Dodged            |    44 |    81 ||   125

Levels and vault maps discovered:
D:1:      mrwooster_arrival_statue_3, layout_rooms
D:2:      layout_basic, serial_shops, nicolae_shop_trees, nicolae_shop_trees,
          nicolae_diamond_shop, nicolae_shop_trees, shop
D:3:      layout_rooms, serial_shops, nicolae_shop_advertising_works
          [nicolae_subvault_shop_adworks], uniq_robin, uniq_ijyb
D:4:      layout_basic, riverfiend_overflow_shadow_ancestor,
          minmay_temple_entry_glass, uniq_duvessa, uniq_sigmund
D:5:      layout_loops_ring

Notes
Turn   | Place    | Note
-------+----------+-------------------------------------------
     0 | D:1      | scionoferis the Demigod Hexslinger began the quest for the
                  | Orb.
     0 | D:1      | Reached XP level 1. HP: 15/15 MP: 4/4
    37 | D:1      | Reached skill level 1 in Fighting
    39 | D:1      | Reached skill level 2 in Dodging
    79 | D:1      | Reached XP level 2. HP: 23/23 MP: 5/5
   298 | D:1      | Reached skill level 1 in Stealth
   405 | D:2      | Found Fuf Emni's Antique Armour Shoppe.
   533 | D:2      | Found Asitut's Antique Armour Shoppe.
   537 | D:2      | Found Ijyrusk's Weapon Emporium.
   653 | D:2      | Found Vaustupo's Jewellery Emporium.
   684 | D:2      | Reached XP level 3. HP: 28/28 MP: 6/6
   705 | D:2      | Found Xeun Dism's Magic Scroll Shop.
  1041 | D:2      | Reached skill level 3 in Dodging
  1414 | D:3      | Reached XP level 4. HP: 17/36 MP: 6/8
  1513 | D:3      | Noticed Ijyb
  1538 | D:3      | Reached skill level 2 in Fighting
  1552 | D:3      | Killed Ijyb
  1615 | D:3      | Found Pofo's Antique Weapon Shop.
  1623 | D:3      | Noticed Robin
  1676 | D:3      | Reached skill level 2 in Stealth
  1700 | D:3      | Killed Robin
  1828 | D:3      | Reached XP level 5. HP: 41/41 MP: 9/9
  2123 | D:4      | Noticed an ogre
  2142 | D:3      | Reached skill level 4 in Dodging
  2165 | D:4      | Reached skill level 1 in Long Blades
  2166 | D:4      | Found a staircase to the Ecumenical Temple.
  2207 | D:4      | Noticed an ogre
  2211 | D:4      | Noticed Sigmund
  2222 | D:4      | HP: 3/42 [ogre/+0 giant spiked club (6)]
  2227 | D:4      | Killed an ogre
  2228 | D:4      | Reached XP level 6. HP: 5/50 MP: 10/10
  2495 | D:4      | Reached skill level 2 in Long Blades
  2619 | D:4      | Reached skill level 3 in Fighting
  2717 | D:4      | Noticed Duvessa
  2717 | D:4      | Noticed Dowan
  2762 | D:4      | Reached skill level 3 in Stealth
  2803 | D:5      | Entered Level 5 of the Dungeon
  2994 | D:5      | Noticed a wyvern
  2999 | D:5      | Slain by a wyvern

Vanquished Creatures
  2 ogres (D:4)
  A scorpion (D:4)
  A hound (D:3)
  Ijyb (D:3)
  2 iguanas (D:4 D:5)
  3 orc wizards (D:4 D:5)
  Robin (D:3)
  3 gnolls (D:2)
  6 adders (D:2 D:3)
  A shadow imp (D:5)
  2 dart slugs (D:1)
  9 orcs (D:4 D:5)
  3 bats (D:1 D:2 D:3)
  4 endoplasms (D:1 D:2 D:3)
  2 giant cockroaches (D:2)
  13 goblins (D:1 D:2 D:3 D:4)
  11 hobgoblins (D:1 D:2 D:3)
  4 jackals (D:2)
  3 kobolds (D:1 D:3)
  3 quokkas (D:1 D:2 D:4)
  3 ball pythons (D:2 D:4)
  4 frilled lizards (D:1 D:3)
  4 rats (D:1 D:3)
86 creatures vanquished.

Table legend: (Time is in decaauts)
 A = Elapsed time spent in this place.
 B = Non-inter-level travel time spent in this place.
 C = Inter-level travel time spent in this place.
 D = Time resting spent in this place.
 E = Time spent auto-exploring this place.
 F = Levels seen in this place.
 G = Mean time per level.
                   A        B        C        D        E       F      G
               +--------+--------+--------+--------+--------+-----+--------+
         Total |   3047 |   2929 |    118 |    290 |   1842 |   5 |  609.4 |
       Dungeon |   3047 |   2929 |    118 |    290 |   1842 |   5 |  609.4 |
               +--------+--------+--------+--------+--------+-----+--------+

Top non-repeatable levels by time:
     D:2: 1014 daAuts
     D:3: 856 daAuts
     D:4: 510 daAuts
     D:1: 470 daAuts
     D:5: 195 daAuts

Table legend:
 A = Non-vault XP
 B = Vault XP
 C = Vault XP percentage of total XP
 D = Non-vault monster count
 E = Vault monster count
 F = Vault count percentage of total count
                 A         B        C        D         E       F
            +---------+---------+-------+---------+---------+-------
      Total |     792 |      70 |   8.1 |      74 |      12 |  14.0
            +---------+---------+-------+---------+---------+-------
        D:1 |      32 |       0 |   0.0 |      17 |       0 |   0.0
        D:2 |      88 |       0 |   0.0 |      20 |       0 |   0.0
        D:3 |     125 |      70 |  35.9 |      16 |      12 |  42.9
        D:4 |     455 |       0 |   0.0 |      15 |       0 |   0.0
        D:5 |      92 |       0 |   0.0 |       6 |       0 |   0.0
            +---------+---------+-------+---------+---------+-------
